 Dungeon Crawl Stone Soup version 0.25.1-2-g60ff931df9 (webtiles) character file.

Game seed: 8956445938763393073

56 DildoBatman the Conjurer (level 4, 0/30 HPs)
             Began as a Formicid Wizard on Aug 26, 2020.
             Was an Initiate of Kikubaaqudgha.
             Slain by a kobold
             ... wielding a +0 short sword
              (6 damage)
             ... on level 2 of the Dungeon.
             The game lasted 00:03:57 (1811 turns).

DildoBatman the Conjurer (Formicid Wizard)          Turns: 1811, Time: 00:03:58

Health: 0/30       AC:  2    Str: 12    XL:     4   Next: 17%
Magic:  6/8        EV: 12    Int: 18    God:    Kikubaaqudgha [......]
Gold:   57         SH:  0    Dex:  9    Spells: 2/9 levels left

rFire    . . .     SeeInvis +   a - +0 halberd
rCold    . . .     Gourm    .   (no shield)
rNeg     . . .     Faith    .   m - +0 robe
rPois    .         Spirit   .   (helmet unavailable)
rElec    .         Reflect  .   (no cloak)
rCorr    .         Harm     .   (no gloves)
MR       .....                  (no boots)
Stlth    ++........             (no amulet)
HPRegen  0.10/turn              (no ring)
MPRegen  0.11/turn              (no ring)

@: no status effects
A: permanent stasis, dig shafts and tunnels, four strong arms, antennae 3
a: Dig, Shaft Self, Renounce Religion


You were on level 2 of the Dungeon.
You worshipped Kikubaaqudgha.
Kikubaaqudgha was noncommittal.
You were not hungry.

You visited 1 branch of the dungeon, and saw 2 of its levels.

You collected 57 gold pieces.

Inventory:

Hand Weapons
 a - a +0 halberd (weapon)
 b - a +0 club
Missiles
 d - 36 poisoned darts
 e - a throwing net (quivered)
 g - 66 stones
 j - 14 arrows
 k - 25 bolts
Armour
 m - a +0 robe (worn)
Scrolls
 f - a scroll of random uselessness {unknown}
 h - a scroll of immolation {unknown}
 i - a scroll of blinking {unknown}
 l - 3 scrolls of remove curse {unknown}
Potions
 c - 2 potions of stabbing {unknown}
Comestibles
 v - 2 rations


   Skills:
 - Level 1.7 Dodging
 - Level 2.4 Stealth
 - Level 3.2 Spellcasting
 * Level 3.3 Conjurations
   Level 1.0 Summonings
   Level 0.8 Translocations


You had 2 spell levels left.
You knew the following spells:

 Your Spells              Type           Power        Failure   Level  Hunger
a - Conjure Flame         Conj/Fire      #.......     24%         3    ###....
c - Magic Dart            Conj           ###.         4%          1    None
e - Mephitic Cloud        Conj/Pois/Air  #.......     30%         3    ###....

Your spell library contained the following spells:

 Spells                   Type           Power        Failure   Level  Hunger
 Call Imp                 Summ           #.......     16%         2    ##.....
 Slow                     Hex            #.......     24%         2    ##.....
 Blink                    Tloc           Unusable     N/A         2    N/A

Dungeon Overview and Level Annotations

Branches:
Dungeon (2/15)

Altars:
Kikubaaqudgha
Trog


Innate Abilities, Weirdness & Mutations

You cannot be hasted, slowed, berserked, paralysed or teleported.
You can dig through walls and to a lower floor.
Your four strong arms can wield two-handed weapons with a shield.
You have a pair of large antennae on your head. (SInv)


Message History

The frilled lizard bites you. What are your orders? t - Shout!
Orders for allies: a - Attack new target. r - Retreat! s - Stop attacking. g - Guard the area. f - Follow me.
Anything else - Cancel.
You shout for attention!
The kobold misses you. The frilled lizard barely misses you.
What are your orders? t - Shout!
Orders for allies: a - Attack new target. r - Retreat! s - Stop attacking. g - Guard the area. f - Follow me.
Anything else - Cancel.
You shout for attention!
The kobold hits you with a +0 short sword.
You die...
Kikubaaqudgha rasps: "You have failed me!
Welcome... death!"

....... ....... .......
######## .......
###......#
..?....########.....#...
..................÷##...
......l........#..###...
#.K@.......#..##....
#..........#....._.#
#..........#..##...#
#[.......÷.#..###..#
#.............###..#
#...................
#..........#........
##############......
####.##.


You could see a kobold and a frilled lizard.

Vanquished Creatures
  2 gnolls (D:2)
  A dart slug (D:1)
  6 bats (D:1)
  2 giant cockroaches (D:1)
  5 goblins
  4 hobgoblins (D:1)
  2 jackals (D:1)
  6 kobolds (D:1)
  7 rats
35 creatures vanquished.

Vanquished Creatures (others)
  A frilled lizard (D:2)
1 creature vanquished.

Grand Total: 36 creatures vanquished

Notes
Turn   | Place    | Note
-------+----------+-------------------------------------------
     0 | D:1      | DildoBatman the Formicid Wizard began the quest for the
                  | Orb.
     0 | D:1      | Reached XP level 1. HP: 13/13 MP: 4/4
    23 | D:1      | Reached skill level 1 in Conjurations
   237 | D:1      | Reached XP level 2. HP: 19/19 MP: 3/6
   709 | D:1      | Reached XP level 3. HP: 24/24 MP: 3/7
   714 | D:1      | Learned a level 3 spell: Conjure Flame
   718 | D:1      | Learned a level 3 spell: Mephitic Cloud
   851 | D:1      | Found an ancient bone altar of Kikubaaqudgha.
   864 | D:1      | Became a worshipper of Kikubaaqudgha
  1625 | D:2      | Found a bloodstained altar of Trog.
  1772 | D:2      | Reached XP level 4. HP: 17/30 MP: 2/8
  1811 | D:2      | Slain by a kobold

Illustrated notes

Levels and vault maps discovered:
D:1:      eino_arrival_cavern_b, layout_loops_ring, wad_floor_pattern_untrapped,
          kennysheep_flooded_box, chequers_serial_rivers_room_b,
          minmay_misc_feat_alley, kennysheep_boxes
D:2:      layout_basic, grunt_temple_overflow_holy_war,
          minmay_misc_feat_enclosed, st_stairs_3, trog_three_pillars_becter

Skill      XL: |  1  2  3 |
---------------+----------+-----
Conjurations   | 1 2 3 |  3.3
Dodging        | |  1.7
Stealth        | |  2.4
Spellcasting   | |  3.2
Summonings     | |  1.0
Translocations | |  0.8

Action                   |  1- 3 |  4- 6 || total
-------------------------+-------+-------++-------
Melee: Unarmed           |     1 |       ||     1
       Club              |    19 |       ||    19
       Halberd           |     2 |       ||     2
 Cast: Magic Dart        |    90 |     1 ||    91
 Abil: Dig               |     4 |     1 ||     5
  Eat: Chunk             |     3 |       ||     3
Armor: Robe              |     5 |     6 ||    11
Dodge: Dodged            |    28 |    12 ||    40
